 Dungeon Sprint DCSS version 0.27-a0-1006-g1fd4cec11e (webtiles) character file.

Game seed: 10621580479256217381

91 mhtbhm the Covert (level 4, -5/28 HPs)
             Began as a Kobold Brigand on Apr 17, 2021.
             Splashed by an oklob sapling priest's acid (16 damage)
             ... in the Dungeon (Sprint IV: "Fedhas' Mad Dash").
             The game lasted 00:00:34 (267 turns).

mhtbhm the Covert (Kobold Brigand)                   Turns: 267, Time: 00:00:35

Health: -5/28      AC: -1    Str:  8    XL:     4   Next: 87%
Magic:  3/4        EV: 14    Int: 12    God:
Gold:   32         SH:  0    Dex: 17    Spells: 3/3 levels left

rFire    . . .     SeeInvis .   a - +2 dagger
rCold    . . .     Faith    .   (shield restricted)
rNeg     . . .     Spirit   .   b - +0 robe
rPois    .         Reflect  .   (no helmet)
rElec    .         Harm     .   c - +0 cloak
rCorr    .         Rampage  .   (no gloves)
Will     .....     NoTele   +   (no boots)
Stlth    ++++++....             l - amulet of invisibility {+Inv}
HPRegen  0.09/turn              (no ring)
MPRegen  0.09/turn              (no ring)

@: corroded, very slightly contaminated, invisible (expiring)
A: small, no large weapons, nightstalker 3
a: Evoke Invisibility


You were in the Dungeon.
You visited 1 branch You collected 32 gold pieces.

Inventory:

Hand Weapons
 a - a +2 dagger (weapon)
Missiles
 d - 8 poisoned darts
 e - 2 curare-tipped darts (quivered)
Armour
 b - a +0 robe (worn)
 c - a +0 cloak (worn)
Jewellery
 l - the amulet of invisibility (around neck) {+Inv}
   (You found it in the Dungeon)

   [amulet of nothing]

   It lets you turn invisible.
Scrolls
 k - 2 scrolls of blinking
Potions
 f - a potion of curing
 g - a potion of heal wounds
 h - a potion of haste
 i - 2 potions of magic
 j - a potion of berserk rage


   Skills:
 + Level 3.4 Fighting
 + Level 4.1 Short Blades
 + Level 3.6 Throwing
 + Level 1.6 Dodging
 + Level 11.5 Stealth


You had 3 spell levels left.
You didn't know any spells.
Your spell library was empty.

Dungeon Overview and Level Annotations

Branches:
Dungeon (1/1)

Altars:
Cheibriados
Dithmenos
Elyvilon
Gozag
Hepliaklqana
Kikubaaqudgha
Makhleb
Nemelex Xobeh
Okawaru
Qazlal
Ru
Sif Muna
Trog
Uskayaw
Wu Jian
Xom
Yredelemnul
Zin
The Shining One
Beogh
Jiyva

Annotations:
D exclusion: oklob sapling


Innate Abilities, Weirdness & Mutations

You are small and have problems with some larger weapons.
You are completely attuned to the shadows.


Message History

You fail to use your ability.
You fail to use your ability.
You fade into invisibility!
You are very lightly contaminated with residual magic.
Okay, then.
You open the door.
Found an opulent altar of Gozag and a sacrificial altar of Ru.
Found four altars.
There is an open door here.
Unknown command.
Found a hazy altar of Hepliaklqana and a shimmering blue altar of Sif Muna.
Unknown command.
Found three altars.
An oklob sapling priest comes into view.
Marking area around an oklob sapling as unsafe for travelling.
Found a viscous altar of Jiyva and a bloodstained altar of Trog.
There is an opulent altar of Gozag here.
Found three altars.
Found two altars.
There is a hazy altar of Hepliaklqana here.
Found three altars.
There is a sparkling altar of Nemelex Xobeh here.
You hit the oklob sapling priest but do no damage.
The oklob sapling priest spits acid at you.
The splash of acid misses you.
You hit the oklob sapling priest.
The oklob sapling priest is lightly damaged.
You hit the oklob sapling priest but do no damage.
The oklob sapling priest is lightly damaged.
You flicker for a moment.
Unknown command.
Press < or > to pray at altars.
You hit the oklob sapling priest but do no damage.
The oklob sapling priest is lightly damaged.
The oklob sapling priest spits acid at you.
The splash of acid hits you!
Ouch! That really hurt!
The acid corrodes you!
You are splashed with acid!
Ouch! That really hurt!
You die...

#####################
....#.....#.⌠._._._._
[...'.#.(.'.._._._._.
....#.#...#..._.@P_._
########+##.._._._._.
#._._._._._
###########


You could see an oklob sapling priest.

Vanquished Creatures
  A scorpion (D)
  An oklob sapling (D)
  A river rat (D)
  A rat (D)
4 creatures vanquished.

Notes
Turn   | Place    | Note
-------+----------+-------------------------------------------
     0 | D        | mhtbhm the Kobold Brigand began the quest for the Orb.
     0 | D        | Reached XP level 1. HP: 12/12 MP: 1/1
     7 | D        | Reached skill level 7 in Stealth
     7 | D        | Reached XP level 2. HP: 18/18 MP: 2/2
    16 | D        | Noticed an oklob sapling
   220 | D        | Killed an oklob sapling
   221 | D        | Reached skill level 9 in Stealth
   221 | D        | Reached XP level 3. HP: 22/22 MP: 3/3
   223 | D        | Noticed a scorpion
   224 | D        | Found the amulet of invisibility {+Inv}
   225 | D        | Killed a scorpion
   226 | D        | Reached skill level 11 in Stealth
   226 | D        | Reached XP level 4. HP: 28/28 MP: 4/4
   256 | D        | Found an opulent altar of Gozag.
   256 | D        | Found a sacrificial altar of Ru.
   257 | D        | Found a burning altar of Makhleb.
   257 | D        | Found an ornate altar of the Wu Jian Council.
   257 | D        | Found a shimmering altar of Xom.
   258 | D        | Found a hazy altar of Hepliaklqana.
   258 | D        | Found a shimmering blue altar of Sif Muna.
   259 | D        | Found a sparkling altar of Nemelex Xobeh.
   259 | D        | Found a snail-covered altar of Cheibriados.
   259 | D        | Found a basalt altar of Yredelemnul.
   260 | D        | Found a viscous altar of Jiyva.
   260 | D        | Found a bloodstained altar of Trog.
   260 | D        | Noticed an oklob sapling priest
   261 | D        | Found an iron altar of Okawaru.
   261 | D        | Found a shadowy altar of Dithmenos.
   261 | D        | Found a glowing silver altar of Zin.
   262 | D        | Found an ancient bone altar of Kikubaaqudgha.
   262 | D        | Found a hide-covered altar of Uskayaw.
   263 | D        | Found a stormy altar of Qazlal.
   263 | D        | Found a glowing golden altar of the Shining One.
   263 | D        | Found a white marble altar of Elyvilon.
   267 | D        | Splashed by an oklob sapling priest's acid

Illustrated notes

Levels and vault maps discovered:
D:        dungeon_sprint_fedhas [sprint_temple]

Skill      XL: |  1  2  3 |
---------------+----------+-----
Short Blades   | 3 4 |  4.1
Stealth        | 7 9 11 | 11.5
Throwing       | 3 |  3.6
Fighting       | 3 |  3.4
Dodging        | |  1.6

Action                   |  1- 3 |  4- 6 || total
-------------------------+-------+-------++-------
Melee: Dagger            |     3 |     4 ||     7
Throw: Dart              |     1 |       ||     1
 Abil: Evoke Invisibilit |       |     1 ||     1
 Stab: Sleeping          |     2 |       ||     2
       Distracted        |     1 |       ||     1
Dodge: Dodged            |       |     1 ||     1

Table legend: (Time is in decaauts)
 A = Elapsed time spent in this place.
 B = Non-inter-level travel time spent in this place.
 C = Inter-level travel time spent in this place.
 D = Time resting spent in this place.
 E = Time spent auto-exploring this place.
 F = Levels seen in this place.
 G = Mean time per level.
                   A        B        C        D        E       F      G
               +--------+--------+--------+--------+--------+-----+--------+
         Total |    265 |    265 |      0 |    200 |      0 |   1 |  265.0 |
       Dungeon |    265 |    265 |      0 |    200 |      0 |   1 |  265.0 |
               +--------+--------+--------+--------+--------+-----+--------+

Top non-repeatable levels by time:
       D: 265 daAuts
